Map: [ESL] Site Delta

Players

AqueroN

  • Race: Terran Terran
  • Spawn Location: 5:00

Bly - Winner!

  • Race: Zerg Zerg
  • Spawn Location: 11:00

Event: ESL SC2 Masters 2024 Spring (Regional)

VOD

Have the link to the VOD?

Description

Time

  • Played on: April 11, 2024, 2:25 p.m.
  • Length: 13:20

All games in this series

Show
View Real Time Build Order
Export as new Build Order

AqueroN Terran 

Build Orders:  

Get SALT Encoding   

  12  0:00  SCV  
  13  0:12  SCV  
  14  0:18  Supply Depot  
  14  0:24  SCV  
  15  0:40  SCV  
  15  0:42  Barracks  
  16  0:45  Refinery  
  16  0:52  SCV  
  17  1:05  Barracks  
  17  1:06  SCV  
  18  1:18  SCV  
  19  1:29  Reaper  
  19  1:31  Orbital Command  
  20  1:43  Supply Depot  
  20  1:52  Reaper  
  21  1:57  SCV  
  22  2:05  Reaper  
  23  2:10  Command Center  
  23  2:13  SCV  
  24  2:18  Refinery  
  24  2:24  Reaper  
  24  2:25  SCV  
  26  2:37  SCV  
  27  2:49  SCV  
  28  2:51  Factory  
  28  3:01  Barracks Reactor  
  28  3:02  SCV  
  29  3:09  Command Center  
  29  3:12  Supply Depot  
  29  3:14  SCV  
  29  3:17  Barracks Tech Lab  
  30  3:26  SCV  
  31  3:28  Orbital Command  
  31  3:38  SCV  
  32  3:41  Marine  
  32  3:44  Cyclone  
  32  3:45  Cyclone  
  37  3:50  SCV  
  37  3:51  Barracks Reactor  
  37  3:54  SCV  
  39  3:57  Bunker  
  39  4:01  Stimpack  
  39  4:02  Marine  
  39  4:05  SCV  
  39  4:06  SCV  
  42  4:16  Cyclone  
  46  4:17  SCV, Cyclone  
  46  4:22  Orbital Command  
  46  4:24  Marine  
  47  4:25  SCV  
  47  4:28  Marine x2  
  51  4:34  Starport  
  51  4:36  SCV  
  51  4:37  SCV  
  53  4:41  Marine  
  54  4:45  Marine  
  54  4:46  Marine  
  54  4:47  SCV  
  54  4:48  SCV  
  54  4:49  SCV  
  59  4:54  Cyclone  
  59  4:58  Cyclone  
  59  4:59  Marine  
  64  5:02  SCV x2  
  64  5:03  Marine x2  
  64  5:04  Engineering Bay  
  68  5:07  Supply Depot  
  68  5:10  Supply Depot  
  68  5:14  Medivac  
  68  5:17  Marine  
  71  5:21  Marine x2  
  71  5:26  SCV x2  
  75  5:30  SCV  
  75  5:31  Terran Infantry Weapons Level 1  
  75  5:33  Missile Turret  
  76  5:36  Missile Turret  
  76  5:38  SCV x2  
  76  5:39  Marine  
  76  5:40  Marine  
  76  5:41  Cyclone  
  82  5:46  Cyclone  
  82  5:48  Refinery  
  84  5:54  SCV x3  
  84  5:56  Marine  
  88  5:57  Marine x2  
  88  6:01  Medivac  
  92  6:07  Supply Depot  
  92  6:09  Supply Depot  
  92  6:19  Barracks  
  92  6:20  Barracks, Marine  
  93  6:27  Supply Depot  
  93  6:28  Marine x2  
  93  6:29  Widow Mine x2, SCV  
  100  6:34  SCV  
  100  6:38  Marine  
  102  6:46  Marine  
  88  6:49  SCV x2  
  83  6:57  Marine x2  
  83  6:58  Widow Mine x2  
  83  7:01  SCV x2, Starport Reactor  
  92  7:03  Combat Shield  
  92  7:04  Marine  
  92  7:06  Orbital Command  
  90  7:10  Barracks Reactor x2  
  90  7:11  Refinery  
  90  7:13  SCV x2  
  90  7:14  Barracks  
  88  7:18  Marine x2  
  88  7:21  Marine  
  91  7:25  SCV x2  
  91  7:27  Widow Mine x2  
  91  7:28  Terran Infantry Armor Level 1  
  97  7:34  SCV, Armory  
  97  7:35  Engineering Bay  
  98  7:39  Marine x3  
  90  7:53  Widow Mine x2  
  90  7:56  Marine  
  90  7:57  SCV x3, Marine x2  
  100  8:04  Command Center  
  100  8:06  Supply Depot, Marine x4  
  100  8:08  Barracks Reactor, Supply Depot  
  100  8:11  SCV x3  
  107  8:12  Factory  
  107  8:15  Supply Depot  
  107  8:16  Supply Depot  
  107  8:22  Widow Mine x2, Marine x3  
  107  8:24  Marine  
  111  8:28  Marine x3  
  112  8:37  SCV x3  
  112  8:39  Medivac x2  
  112  8:40  Marine  
  120  8:47  Widow Mine x2  
  124  8:55  SCV x3  
  123  8:56  Missile Turret  
  123  8:59  Missile Turret  
  122  9:04  Marine x4  
  122  9:05  Marine x4  
  122  9:06  Marauder  
  122  9:07  SCV x3  
  122  9:09  Supply Depot, Terran Infantry Weapons Level 2  
  135  9:10  Factory Tech Lab, Supply Depot  
  135  9:12  Widow Mine x2, Supply Depot  
  139  9:19  SCV x2  
  139  9:20  Refinery x2  
  139  9:23  Marine x3  
  139  9:24  Marine x3  
  145  9:25  Marine x2  
  145  9:27  Missile Turret  
  145  9:28  Medivac x2  
  153  9:42  Marine  
  153  9:43  Marine x7  
  153  9:44  Terran Infantry Armor Level 2  
  161  9:49  Widow Mine x2  
  161  9:50  Widow Mine  
  164  10:02  Marauder  
  164  10:03  Marine x2  
  164  10:04  Marine x6  
  172  10:09  Planetary Fortress  
  172  10:12  SCV x2  
  172  10:13  SCV  
  173  10:17  Widow Mine x2  
  173  10:18  Widow Mine  
  179  10:28  SCV  
  179  10:29  SCV x2  
  179  10:32  Drilling Claws  
  182  10:36  Marauder  
  182  10:40  Refinery  
  182  10:41  Barracks x2, Refinery  
  184  10:42  Missile Turret x2  
  184  10:43  Missile Turret  
  184  10:45  Barracks  
  184  10:46  Missile Turret x2  
  184  10:47  Widow Mine x2  
  184  10:48  Missile Turret  
  184  10:49  Thor  
  185  10:54  Marine x3  
  185  10:56  Marine x2  
  188  10:58  Marine x2  
  188  11:04  Supply Depot x2  
  188  11:05  Supply Depot  
  183  11:21  Marine  
  183  11:22  Medivac, Marauder  
  183  11:23  Medivac  
  158  11:27  Marine  
  158  11:29  Widow Mine x2  
  158  11:30  Marine x2  
  158  11:31  Marine x2  
  158  11:32  Barracks Tech Lab x3  
  132  11:36  Thor  
  132  11:38  Marine x2  
  138  11:42  Marine  
  138  11:43  Marauder  
  138  11:51  Widow Mine x2  
  142  11:54  Marauder x2  
  142  11:55  Marine x3, Marauder  
  142  11:57  Marine x3  
  142  11:58  Marine  
  142  12:00  Marine  
  156  12:07  Medivac x2  
  158  12:15  Marine x3, Marauder  
  157  12:16  Marauder x3  
  157  12:18  Concussive Shells  
  157  12:20  Widow Mine x2, Thor  
  157  12:22  SCV x2  
  171  12:23  SCV  
  162  12:45  Supply Depot x2  
  161  12:56  Widow Mine x2  
  161  12:57  Marine  
Show
View Real Time Build Order
Export as new Build Order

Bly Zerg - Winner!

Build Orders: Hatch First 

Get SALT Encoding   

  12  0:00  Drone  
  13  0:12  Overlord  
  13  0:17  Drone  
  14  0:30  Drone x2  
  16  0:48  Hatchery  
  15  0:51  Drone  
  15  0:54  Drone  
  17  0:57  Drone  
  18  1:09  Extractor  
  17  1:13  Spawning Pool  
  17  1:16  Drone  
  17  1:19  Drone  
  18  1:28  Drone  
  19  1:40  Drone  
  20  1:51  Overlord  
  20  2:00  Queen x2  
  24  2:01  Zergling x4  
  26  2:10  Drone  
  26  2:11  Drone  
  26  2:13  Metabolic Boost  
  28  2:21  Drone  
  28  2:22  Drone  
  30  2:36  Queen x2  
  34  2:40  Overlord  
  34  2:44  Drone x2  
  36  3:02  Drone x3  
  39  3:06  Drone x2  
  39  3:09  Drone x2  
  39  3:10  Drone  
  44  3:14  Lair  
  44  3:15  Overlord  
  44  3:23  Zergling x2  
  44  3:24  Zergling x2  
  43  3:29  Overlord  
  43  3:32  Extractor  
  43  3:34  Extractor  
  41  3:39  Drone  
  41  3:40  Baneling Nest, Drone x3  
  44  3:47  Drone  
  44  3:48  Drone x5  
  50  3:50  Drone  
  50  3:53  Extractor  
  50  4:00  Drone  
  51  4:09  Overlord  
  51  4:12  Hatchery  
  50  4:24  Drone x9  
  50  4:27  Centrifugal Hooks  
  59  4:32  Queen  
  59  4:34  Overlord x2  
  61  4:44  Zergling x4  
  61  4:45  Spire  
  62  4:46  Overseer  
  62  4:54  Zergling x10  
  62  4:55  Zergling x2  
  68  5:00  Zergling x2  
  69  5:07  Baneling  
  69  5:08  Baneling x3  
  69  5:09  Baneling x2  
  69  5:12  Overlord  
  69  5:16  Overlord  
  69  5:20  Drone  
  69  5:21  Drone x6  
  76  5:30  Drone  
  76  5:31  Drone x2  
  79  5:36  Drone x2  
  79  5:37  Extractor  
  79  5:40  Baneling x6, Extractor  
  79  5:41  Baneling  
  79  5:49  Overlord  
  79  5:51  Drone x6  
  85  5:59  Zerg Flyer Weapons Level 1  
  85  6:02  Overlord, Drone  
  86  6:04  Hatchery  
  85  6:12  Baneling x10  
  85  6:17  Zergling x2  
  85  6:18  Zergling x16  
  93  6:26  Zergling x8  
  93  6:29  Zergling x4  
  99  6:37  Zergling x2  
  99  6:38  Zergling x10  
  105  6:45  Zergling x4  
  86  6:56  Zergling x6  
  86  6:58  Baneling x7  
  86  7:08  Mutalisk x4  
  86  7:12  Hatchery  
  86  7:15  Baneling x11  
  92  7:20  Evolution Chamber  
  92  7:21  Evolution Chamber, Mutalisk x4  
  97  7:31  Drone x4  
  97  7:35  Hatchery  
  100  7:40  Overseer  
  100  7:41  Zergling x2  
  100  7:42  Zergling x6  
  100  7:43  Overseer  
  101  7:55  Drone x8  
  109  8:03  Zerg Ground Armor Level 1, Zerg Melee Weapons Level 1, Zerg Flyer Weapons Level 2  
  109  8:04  Pneumatized Carapace  
  109  8:09  Burrow, Drone x3  
  109  8:11  Overlord x5  
  112  8:13  Baneling x2  
  112  8:14  Baneling x3  
  112  8:19  Overlord x2  
  112  8:33  Mutalisk x5  
  112  8:34  Zergling x10  
  127  8:44  Extractor x2  
  127  8:45  Spore Crawler  
  124  8:50  Overlord  
  122  8:59  Mutalisk x4  
  122  9:01  Drone x4  
  122  9:02  Drone x7  
  141  9:20  Mutalisk x4  
  141  9:22  Hatchery  
  148  9:37  Baneling  
  148  9:38  Baneling x12  
  148  9:45  Infestation Pit  
  147  9:47  Overlord x4  
  147  9:49  Drone x4  
  147  9:51  Spore Crawler, Extractor, Drone x4  
  147  9:52  Extractor  
  152  9:59  Zergling x42  
  173  10:16  Zerg Melee Weapons Level 2, Zerg Ground Armor Level 2  
  172  10:22  Mutalisk x5  
  172  10:24  Zergling x28  
  172  10:26  Zergling x2  
  197  10:29  Spore Crawler  
  197  10:33  Zergling x6  
  189  11:01  Zergling x20  
  199  11:04  Baneling  
  199  11:05  Baneling x27  
  166  11:28  Zergling x40  
  166  11:32  Zergling x10  
  177  11:39  Hive  
  173  11:41  Zergling x26  
  186  11:53  Baneling x19  
  186  11:57  Drone  
  187  12:02  Baneling x7  
  187  12:05  Hatchery  
  186  12:11  Hatchery  
  186  12:15  Baneling x25  
  183  12:24  Drone x3  
  177  12:44  Zergling x46  
  177  12:47  Overseer x4  
  199  12:51  Baneling x17  
  199  12:52  Baneling x8  
Tags
 
Add a new tag
Caveats
  • Supply blocks, unpowered buildings, or Contaminate may cause inaccurate times.
  • Supply counts are checked every 10 seconds.